 Dungeon Crawl Stone Soup version 0.28.0-45-g0d030f2227 (webtiles) character file.

Game seed: 12044095735689544192

18 Hylith the Chopper (level 2, 0/27 HPs)
             Began as a Hill Orc Monk on Apr 26, 2022.
             Slain by a kobold
             ... wielding a +0 dagger
              (4 damage)
             ... on level 2 of the Dungeon.
             The game lasted 00:02:15 (1302 turns).

Hylith the Chopper (Hill Orc Monk)                  Turns: 1302, Time: 00:02:15

Health: 0/27       AC:  2    Str: 13    XL:     2   Next: 70%
Magic:  2/2        EV: 12    Int: 10    God:
Gold:   95         SH:  0    Dex: 13    Spells: 1/1 levels left

rFire   . . .      SeeInvis .   a - +0 hand axe
rCold   . . .      Faith    .   (no shield)
rNeg    . . .      Spirit   .   b - +0 robe
rPois   .          Reflect  .   (no helmet)
rElec   .          Harm     .   (no cloak)
rCorr   .          Rampage  .   (no gloves)
Will    .....                   (no boots)
Stlth   ++........              (no amulet)
HPRegen 0.09/turn               (no ring)
MPRegen 0.08/turn               (no ring)

@: lethally poisoned (0 -> -4)
A: no striking features
a: no special abilities


You were on level 2 of the Dungeon.
You visited 1 branch of the dungeon, and saw 2 of its levels.

You collected 95 gold pieces.

Inventory:

Hand Weapons
 a - a +0 hand axe (weapon)
Armour
 b - a +0 robe (worn)
Scrolls
 e - 2 scrolls of identify {unknown}
Potions
 c - a potion of heal wounds {unknown}
 d - a potion of berserk rage {unknown}
 f - a potion of curing {unknown}
 g - a potion of attraction {unknown}


   Skills:
 - Level 4.0 Fighting
 - Level 4.0 Axes
 * Level 2.9 Dodging
 * Level 1.7 Stealth


You had one spell level left.
You didn't know any spells.
Your spell library contained the following spells:

 Spells                   Type           Power      Damage    Failure   Level
 Blink                    Tloc           0%         N/A       50%         2
 Manifold Assault         Tloc           0%         N/A       100%        5
 Storm Form               Tmut/Air       0%         N/A       100%        7


Dungeon Overview and Level Annotations

Branches:
Dungeon (2/15)

Altars:

Annotations:
D:2 Natasha


Message History

The worm is moderately wounded.
The kobold shouts!
The worm barely misses you.
The kobold enters a dispersal trap!
The worm blinks!
You blink.
The kobold blinks!
The adder enters a dispersal trap!
The kobold blinks! x3; You blink.
The adder blinks!
You barely miss the kobold. The kobold hits you but does no damage.
The adder hisses angrily.
You hit the kobold but do no damage. The kobold hits you with a +0 dagger.
You hit the kobold but do no damage. The kobold barely misses you.
The adder closely misses you.
You hit the adder but do no damage. You hit the kobold but do no damage.
The kobold misses you. The adder completely misses you.
You closely miss the adder. You hit the kobold. The kobold closely misses you.
The adder bites you.
You are poisoned.
The adder poisons you! The kobold misses you.
You completely miss the kobold.
The kobold is moderately wounded.
You miss the adder.
You feel sick. The adder bites you. x2
You are more poisoned.
The adder poisons you! The kobold closely misses you.
You closely miss the kobold.
The kobold is moderately wounded.
You barely miss the adder.
You feel sick. The adder bites you. The kobold hits you with a +0 dagger.
You miss the adder. You hit the kobold but do no damage.
You feel sick. The adder closely misses you. The adder bites you.
The kobold hits you with a +0 dagger.
* * * LOW HITPOINT WARNING * * *
You are too injured to fight recklessly!
Unknown command.
Unknown command.
You hit the adder.
The adder is heavily wounded.
You closely miss the kobold.
* * * LOW HITPOINT WARNING * * *
You feel sick. The adder closely misses you.
The kobold hits you with a +0 dagger.
You die...

## ### #.. ..# ##+##
#.. #.# ##...## #.#
#.# ##.....##
##.##.###.......##
###...#.##...^.....#
...................+
#.#.......S..#
#.#.#....K@.##
#.#.##.....## #
#.#.###...##
#.##.#.# ##+##
#..w...# # ####.###
.# ## #.# ####.###..
#####.###........ .
#.......#......# .#


You could see an adder and a kobold.

Vanquished Creatures
  A dart slug (D:1)
  A bat (D:1)
  An endoplasm (D:1)
  A giant cockroach (D:2)
  2 goblins (D:1)
  2 jackals (D:1)
  2 kobolds (D:1)
  A quokka (D:1)
  A ball python (D:1)
  3 rats (D:1)
15 creatures vanquished.

Notes
Turn   | Place    | Note
-------+----------+-------------------------------------------
     0 | D:1      | Hylith the Hill Orc Monk began the quest for the Orb.
     0 | D:1      | Reached XP level 1. HP: 19/19 MP: 1/1
   345 | D:1      | Found a faded altar of an unknown god.
   470 | D:1      | Reached XP level 2. HP: 14/27 MP: 2/2
  1230 | D:2      | Noticed Natasha
  1302 | D:2      | Slain by a kobold

Illustrated notes

Levels and vault maps discovered:
D:1:      elethiomel_arrival_quiet, layout_basic, nicolae_ecumenical_lake_church
D:2:      layout_loops_corners, basic_altar, uniq_natasha

Skill      XL: |  1  2 |
---------------+-------+-----
Fighting       | 4 |  4.0
Axes           | |  4.0
Dodging        | |  2.9
Stealth        | |  1.7

Action                   || total
-------------------------++-------
Melee: Hand axe          ||    65
       Punch             ||     1
 Stab: Distracted        ||     1
Armor: Robe              ||    13
Dodge: Dodged            ||    49
